 Dungeon Crawl Stone Soup version 0.19-a0-442-g8935a21 (webtiles) character file.

1384 Ordine the Changer (level 8, -12/57 HPs)
             Began as an Octopode Transmuter on June 1, 2016.
             Killed from afar by a gargoyle (22 damage)
             ... with a stone arrow
             ... on level 5 of the Dungeon.
             The game lasted 00:21:29 (5415 turns).

Ordine the Changer (Octopode Transmuter)            Turns: 5415, Time: 00:21:29

Health: -12/57     AC: 11    Str: 10    XL:     8   Next: 67%
Magic:  9/11       EV: 10    Int: 17    God:
Gold:   32         SH:  0    Dex: 12    Spells: 2 memorised, 4 levels left

rFire  x . .     SeeInvis .       - Unarmed
rCold  + + +     Gourm    .     (shield currently unavailable)
rNeg   . . .     Faith    .     (helmet currently unavailable)
rPois  +         Spirit   .     (no amulet)
rElec  .         Dismiss  .     m - +5 ring of protection
rCorr  +         Reflect  .     q - ring of resist corrosion
SustAt .         Harm     .     (no ring)
MR     .....                    (no ring)
Stlth  ++++......               (no ring)
                                (no ring)
                                (no ring)
                                (no ring)

@: ice-form, very slightly contaminated, invisible (expiring), not resistant to
hostile enchantments, stealthy
A: almost no armour, amphibious, 8 rings, (constrict 8), (camouflage 0),
(gelatinous body 0)
a: End Transformation


You were on level 5 of the Dungeon.
You were not hungry.
You were a creature of crystalline ice.
You visited 1 branch of the dungeon, and saw 5 of its levels.

You collected 324 gold pieces.
You spent 292 gold pieces at shops.

Inventory:

Jewellery
 m - a +5 ring of protection (left front paw)
 q - a ring of resist corrosion (right front paw)
 u - an uncursed amulet of harm
 v - an uncursed amulet of dismissal
Wands
 l - a wand of acid (4/15)
Scrolls
 k - 2 scrolls of recharging
 n - 2 scrolls of fog
 o - 2 scrolls of remove curse
 r - a scroll of enchant weapon
 s - 2 scrolls of teleportation
 y - 2 scrolls of enchant armour
 z - a scroll of noise
 A - a scroll of amnesia
Potions
 a - 2 potions of agility
 d - a potion of cure mutation {unknown}
 e - a potion of degeneration {unknown}
 f - a potion of curing
 h - a potion of resistance {unknown}
 i - a potion of berserk rage {unknown}
 j - a potion of magic {unknown}
 p - 2 potions of lignification {unknown}
 B - a potion of cancellation {unknown}
 D - a potion of brilliance
 F - a potion of mutation
Books
 b - a book of Changes

   Spells                             Type                      Level
   a - Beastly Appendage              Transmutation                1
   b - Sticks to Snakes               Transmutation                2
   c - Spider Form                    Transmutation/Poison         3
   d - Ice Form                       Ice/Transmutation            4
   e - Blade Hands                    Transmutation                5
 x - a book of Beasts

   Spells                             Type                      Level
   a - Summon Butterflies             Summoning                    1
   b - Call Canine Familiar           Summoning                    3
   c - Summon Ice Beast               Ice/Summoning                4
   d - Summon Mana Viper              Hexes/Summoning              5
   e - Summon Hydra                   Summoning                    7
Comestibles
 c - 2 bread rations
 g - 5 meat rations
 t - a beef jerky
 w - 5 chunks of flesh


   Skills:
 - Level 1.0 Fighting
 - Level 2.0 Dodging
 + Level 7.7 Stealth
 - Level 3.0 Unarmed Combat
 - Level 2.0 Spellcasting
 * Level 7.8 Transmutations
 + Level 4.2 Ice Magic


You had 4 spell levels left.
You knew the following spells:

 Your Spells              Type           Power        Failure   Level  Hunger
a - Spider Form           Tmut/Pois      ###.......   14%         3    ###....
b - Ice Form              Ice/Tmut       ###.....     17%         4    #####..


Dungeon Overview and Level Annotations

Branches:
Dungeon (5/15)
 Temple: D:4-7

Altars:
Nemelex Xobeh
Yredelemnul

Shops:
D:5 !


Innate Abilities, Weirdness & Mutations

You cannot wear most types of armour.
You are amphibious.
You can wear up to eight rings at the same time.
((You can use your tentacles to constrict eight enemies at once.))
((Your skin changes colour to match your surroundings (Stealth+).))
((Your rubbery body absorbs attacks. (AC +1)))


Message History

You hit the gargoyle but do no damage. The gargoyle closely misses you.
You hit the gargoyle but do no damage. You hit the gargoyle but do no damage.
The gargoyle hits you with a mace.
You punch the gargoyle! You freeze the gargoyle.
The gargoyle is moderately damaged.
The gargoyle hits you with a mace!
* * * LOW HITPOINT WARNING * * *
You are too injured to fight recklessly!
You hit the gargoyle. You freeze the gargoyle.
The gargoyle is heavily damaged.
You hit the gargoyle. You freeze the gargoyle.
The gargoyle is severely damaged.
You flicker for a moment.
The gargoyle closely misses you.
You hit the gargoyle but do no damage.
The gargoyle is severely damaged.
The gargoyle hurls a stone arrow at you.
The stone arrow hits you!
You die...

#.#...##.##
#.#...##..# #
#........#.###.
#####.##.##..##.#.#
#..>..##.##..##..#
#.###.....∩......# #.#
#.##.#.......#
#.###.##[#.......##
#.Y......<.........
#.....9%.####.......##
########..............
######.......#.
#########. #. ##


You could see a gargoyle.

Vanquished Creatures
  Pikel (D:3)
  Edmund (D:4)
  An ice beast (D:5)
  A sky beast (D:5)
  An ogre (D:4)
  A centaur (D:5)
  A crimson imp (D:5)
  A hound (D:4)
  Terence (D:3)
  3 orc wizards
  5 worker ants
  4 gnolls (D:2)
  8 adders
  A shadow imp (D:5)
  2 oozes (D:1)
  An adder skeleton (D:5)
  A worm (D:3)
  2 dart slugs (D:1)
  6 giant geckos
  9 orcs
  A ball python (D:5)
  6 giant cockroaches
  12 goblins
  8 hobgoblins
  4 jackals (D:3)
  A quokka (D:3)
  8 bats
  A giant gecko skeleton (D:5)
  2 giant newts
  11 kobolds
  12 rats
117 creatures vanquished.

Vanquished Creatures (others)
  3 slaves (D:4)
  An orc priest (D:4)
  An orc wizard (D:4)
  A worker ant (D:4)
  4 orcs (D:4)
  A quokka (D:4)
  A jackal skeleton (D:4)
12 creatures vanquished.

Grand Total: 129 creatures vanquished

Notes
Turn   | Place    | Note
--------------------------------------------------------------
     0 | D:1      | Ordine the Octopode Transmuter began the quest for the Orb.
     0 | D:1      | Reached XP level 1. HP: 13/13 MP: 3/3
   234 | D:1      | Reached XP level 2. HP: 7/18 MP: 5/5
   237 | D:1      | Reached skill level 1 in Stealth
   691 | D:1      | Reached XP level 3. HP: 23/23 MP: 6/6
   696 | D:1      | Learned a level 3 spell: Spider Form
  1521 | D:2      | Reached XP level 4. HP: 26/28 MP: 3/7
  1876 | D:2      | Found a sparkling altar of Nemelex Xobeh.
  2132 | D:2      | Reached XP level 5. HP: 33/33 MP: 8/8
  2135 | D:2      | Found a basalt altar of Yredelemnul.
  2390 | D:3      | Learned a level 4 spell: Ice Form
  2534 | D:3      | Noticed Terence
  2545 | D:3      | Killed Terence
  3041 | D:3      | Reached skill level 1 in Ice Magic
  3043 | D:3      | Reached XP level 6. HP: 38/38 MP: 6/9
  3215 | D:3      | Reached skill level 5 in Stealth
  3452 | D:3      | Reached skill level 5 in Transmutations
  3583 | D:4      | Noticed Pikel
  3587 | D:4      | Noticed a slave
  3587 | D:4      | Noticed a slave
  3587 | D:4      | Noticed a slave
  3608 | D:3      | Killed Pikel
  3608 | D:3      | Reached XP level 7. HP: 20/43 MP: 4/10
  3921 | D:4      | Noticed Edmund
  3950 | D:4      | Killed Edmund
  3957 | D:4      | Reached XP level 8. HP: 17/48 MP: 9/11
  5044 | D:5      | Entered Level 5 of the Dungeon
  5364 | D:5      | Found Ufuxufozxi's Distillery.
  5380 | D:5      | Bought a potion of heal wounds for 75 gold pieces
  5380 | D:5      | Bought a potion of brilliance for 60 gold pieces
  5380 | D:5      | Bought a potion of invisibility for 120 gold pieces
  5380 | D:5      | Bought a potion of mutation for 37 gold pieces
  5390 | D:5      | Noticed a gargoyle
  5415 | D:5      | Killed from afar by a gargoyle

Vault maps used:
D:1:      dpeg_arrival_simpleton_a
D:2:      nicolae_overflow_crystal_walls, marbit_many_paths, minmay_fountain_box
D:3:      first_bread, minmay_cut_off, uniq_terence
D:4:      uniq_edmund, uniq_pikel
D:5:      serial_shops, shop

Skill      XL: |  1  2  3  4  5  6  7  8 |
---------------+-------------------------+-----
Stealth        | 1 3 4 6 7 |  7.7
Transmutations | 3 4 6 7 |  7.8
Ice Magic      | 1 3 4 |  4.2
Fighting       | |  1.0
Dodging        | |  2.0
Unarmed Combat | |  3.0
Spellcasting   | |  2.0

Action                   |  1- 3 |  4- 6 |  7- 9 || total
-------------------------+-------+-------+-------++-------
Melee: Unarmed           |    75 |   146 |   136 ||   357
       Constrict         |    18 |    27 |    22 ||    67
       Tentacles         |    11 |    14 |    17 ||    42
       Punch             |       |       |     2 ||     2
 Cast: Spider Form       |     1 |     5 |     2 ||     8
       Ice Form          |       |       |     2 ||     2
  Use: Scroll            |     8 |     4 |     1 ||    13
       Potion            |       |       |     4 ||     4
 Stab: Sleeping          |     8 |    16 |     4 ||    28
       Distracted        |       |     1 |     1 ||     2
       Invisible         |       |       |     1 ||     1
  Eat: Chunk             |     2 |     7 |     7 ||    16
Armor: Skin              |     4 |    36 |    21 ||    61
Dodge: Dodged            |    38 |    67 |    73 ||   178
